[Event "Final GP Rapid TOP 16 2019"]
[Site "Khanty-Mansijsk"]
[Date "2019.12.01"]
[Round "1.1"]
[White "Potapov, Pavel"]
[Black "Ponkratov, Pavel"]
[Result "1/2-1/2"]
[ECO "B09"]
[WhiteElo "2482"]
[BlackElo "2632"]
[Annotator "ChessBase"]
[PlyCount "104"]
[EventDate "2019.12.01"]
[EventType "tourn"]
[EventCountry "RUS"]
[SourceTitle "playchess.com"]
[Source "ChessBase"]
[SourceQuality "1"]
[TimeControl "900+10"]

1. e4 d6 2. d4 Nf6 3. Nc3 g6 4. f4 Bg7 5. Nf3 O-O 6. Be2 c5 7. dxc5 Qa5 8. O-O Qxc5+ 9. Kh1 Nc6 10. Bd3 Nb4 11. Qe1 b6 12. Be3 Qh5 13. a3 Nxd3 14. cxd3 Ba6 15. Rd1 Rac8 16. h3 Rfd8 17. Qg3 e6 18. Bd4 Qh6 19. Bxf6 Bxf6 20. e5 dxe5 21. fxe5 Be7 22. Nh2 Qg5 23. Qf2 Qf5 24. Qe1 Qh5 25. Qf2 Rf8 26. Ng4 Bb7 27. Ne4 Kg7 28. Qg3 Bxe4 29. dxe4 Qg5 30. Qf2 Rc7 31. Nf6 Bxf6 32. exf6+ Kg8 33. Rd3 e5 34. Qd2 Qxd2 35. Rxd2 h5 36. Rd5 Re8 37. Rf2 h4 38. Kh2 Kh7 39. g3 hxg3+ 40. Kxg3 Kh6 41. Kg4 Rc4 42. Rd7 Rxe4+ 43. Kg3 Rf8 44. Rxa7 b5 45. Rb7 b4 46. axb4 g5 47. b5 Kg6 48. b6 Rb4 49. Re7 e4 50. Re2 Rb8 51. R7xe4 R4xb6 52. h4 Rxb2 1/2-1/2

[Event "Final GP Rapid TOP 16 2019"]
[Site "Khanty-Mansijsk"]
[Date "2019.12.01"]
[Round "1.2"]
[White "Shimanov, Aleksandr"]
[Black "Morozevich, Alexander"]
[Result "0-1"]
[ECO "D11"]
[WhiteElo "2587"]
[BlackElo "2659"]
[Annotator "ChessBase"]
[PlyCount "94"]
[EventDate "2019.12.01"]
[EventType "tourn"]
[EventCountry "RUS"]
[SourceTitle "playchess.com"]
[Source "ChessBase"]
[SourceQuality "1"]
[TimeControl "900+10"]

1. Nf3 d5 2. e3 Nf6 3. c4 c6 4. d4 a6 5. Bd3 Bg4 6. Nbd2 e6 7. b3 c5 8. cxd5 Nxd5 9. h3 Bh5 10. g4 Bg6 11. Bxg6 hxg6 12. Bb2 cxd4 13. Nxd4 Nd7 14. Kf1 Be7 15. Kg2 O-O 16. h4 Nc5 17. N2f3 Qd6 18. Ne2 Rad8 19. Ng3 e5 20. Nxe5 Bf6 21. b4 Bxe5 22. Bxe5 Qxe5 23. bxc5 Nxe3+ 24. fxe3 Rxd1 25. Rhxd1 Qxe3 26. Rd5 Qe6 27. Rd4 Qc6+ 28. Kh3 Qxc5 29. Rd7 f5 30. gxf5 gxf5 31. Re1 f4 32. Ree7 Qc3 33. Rxg7+ Qxg7 34. Rxg7+ Kxg7 35. Ne4 b5 36. Nc5 Kg6 37. Kg2 a5 38. Ne6 Rc8 39. Kf3 b4 40. Nxf4+ Kh6 41. Ke3 Rc2 42. Kd3 Rxa2 43. Kc4 Rc2+ 44. Kb3 Rc3+ 45. Ka4 Ra3+ 46. Kb5 b3 47. Nd3 b2 0-1

[Event "Final GP Rapid TOP 16 2019"]
[Site "Khanty-Mansijsk"]
[Date "2019.12.01"]
[Round "1.3"]
[White "Tsydypov, Zhamsaran"]
[Black "Bocharov, Dmitry"]
[Result "1-0"]
[ECO "B80"]
[WhiteElo "2553"]
[BlackElo "2524"]
[Annotator "ChessBase"]
[PlyCount "93"]
[EventDate "2019.12.01"]
[EventType "tourn"]
[EventCountry "RUS"]
[SourceTitle "playchess.com"]
[Source "ChessBase"]
[SourceQuality "1"]
[TimeControl "900+10"]

1. e4 c5 2. Nf3 e6 3. d4 cxd4 4. Nxd4 Nc6 5. Nc3 Qc7 6. g3 a6 7. Bg2 Nf6 8. O-O d6 9. Re1 Bd7 10. Be3 Be7 11. f4 O-O 12. Bf2 b5 13. a3 Rac8 14. h3 Rfd8 15. Nb3 Be8 16. Qe2 Nd7 17. Nd5 exd5 18. exd5 Nce5 19. fxe5 dxe5 20. Nd4 Bd6 21. Nc6 Nf6 22. Nxd8 Qxd8 23. Rac1 Rc4 24. b3 Rc3 25. Qd2 Qc8 26. Re3 Rc7 27. c4 Bxa3 28. Rc2 Bd6 29. Qc1 Bd7 30. g4 h5 31. g5 Nh7 32. c5 Bxc5 33. Rec3 Bxf2+ 34. Kxf2 Rxc3 35. Rxc3 Qd8 36. Rc7 Nf8 37. h4 e4 38. Qc5 e3+ 39. Ke2 Ng6 40. Be4 Bg4+ 41. Kxe3 Nxh4 42. Qe7 Qxe7 43. Rxe7 Kf8 44. d6 f6 45. g6 f5 46. Rf7+ Kg8 47. d7 1-0

[Event "Final GP Rapid TOP 16 2019"]
[Site "Khanty-Mansijsk"]
[Date "2019.12.01"]
[Round "1.4"]
[White "Murzin, Volodar"]
[Black "Golubov, Saveliy"]
[Result "0-1"]
[ECO "B07"]
[WhiteElo "2442"]
[BlackElo "2469"]
[Annotator "ChessBase"]
[PlyCount "78"]
[EventDate "2019.12.01"]
[EventType "tourn"]
[EventCountry "RUS"]
[SourceTitle "playchess.com"]
[Source "ChessBase"]
[SourceQuality "1"]
[TimeControl "900+10"]

1. e4 g6 2. Nf3 Bg7 3. d4 d6 4. Bc4 Nf6 5. Qe2 O-O 6. Nbd2 Nc6 7. c3 e5 8. dxe5 Nxe5 9. Nxe5 dxe5 10. O-O Qe7 11. a4 Be6 12. Nf3 Rfe8 13. Bg5 h6 14. Bxf6 Qxf6 15. Bxe6 Qxe6 16. Rfd1 Red8 17. Ne1 Rd7 18. Rxd7 Qxd7 19. Qd3 Qe7 20. Rd1 Bf6 21. Qd7 Qc5 22. Qb5 Qb6 23. Nc2 c6 24. Qxb6 axb6 25. b3 Kf8 26. Kf1 Be7 27. Ke2 Ke8 28. Ne3 f6 29. Rd2 Ra6 30. g4 Bc5 31. Nc2 Ke7 32. h4 Ra8 33. Ne1 h5 34. gxh5 gxh5 35. Rd3 Ke6 36. Rg3 b5 37. Nd3 Be7 38. axb5 cxb5 39. Rg8 Rxg8 0-1

[Event "Final GP Rapid TOP 16 2019"]
[Site "Khanty-Mansijsk"]
[Date "2019.12.01"]
[Round "1.5"]
[White "Maltsevskaya, Aleksandra"]
[Black "Sakaev, Konstantin"]
[Result "0-1"]
[ECO "B90"]
[WhiteElo "2318"]
[BlackElo "2596"]
[Annotator "ChessBase"]
[PlyCount "66"]
[EventDate "2019.12.01"]
[EventType "tourn"]
[EventCountry "RUS"]
[SourceTitle "playchess.com"]
[Source "ChessBase"]
[SourceQuality "1"]
[TimeControl "900+10"]

1. e4 c5 2. Nf3 d6 3. d4 cxd4 4. Nxd4 Nf6 5. Nc3 a6 6. h3 e5 7. Nde2 h5 8. Bg5 Be6 9. g3 Be7 10. Bg2 b5 11. O-O Nbd7 12. a4 b4 13. Nd5 Bxd5 14. exd5 O-O 15. c3 Rb8 16. Bxf6 Bxf6 17. a5 Nc5 18. Nc1 bxc3 19. bxc3 e4 20. Qxh5 Bxc3 21. Ra2 Bxa5 22. Ne2 Rb4 23. Rd1 Bb6 24. Nd4 Qf6 25. Nc6 Rb3 26. g4 g6 27. Qh6 Re8 28. Re2 a5 29. Nd4 Rd3 30. Rxd3 Nxd3 31. Bxe4 Nf4 32. Re1 Bxd4 33. Kh1 Bxf2 0-1

[Event "Final GP Rapid TOP 16 2019"]
[Site "Khanty-Mansijsk"]
[Date "2019.12.01"]
[Round "1.6"]
[White "Voit, Daria"]
[Black "Moiseenko, Vadim"]
[Result "0-1"]
[ECO "A57"]
[WhiteElo "2336"]
[BlackElo "2526"]
[Annotator "ChessBase"]
[PlyCount "164"]
[EventDate "2019.12.01"]
[EventType "tourn"]
[EventCountry "RUS"]
[SourceTitle "playchess.com"]
[Source "ChessBase"]
[SourceQuality "1"]
[TimeControl "900+10"]

1. d4 Nf6 2. c4 c5 3. d5 b5 4. Qc2 Na6 5. a3 bxc4 6. e4 g6 7. Nf3 Bg7 8. Bxc4 O-O 9. O-O d6 10. Nc3 Nc7 11. h3 Nd7 12. Bf4 Nb6 13. Be2 Ba6 14. Rad1 Rb8 15. Bxa6 Nxa6 16. Qe2 Nc7 17. e5 Qd7 18. Rfe1 Rbd8 19. Qc2 Nb5 20. Ne4 Qf5 21. Bg3 Nd4 22. Nxd4 cxd4 23. exd6 exd6 24. Qc6 Qxd5 25. Qxd5 Nxd5 26. Nxd6 Rd7 27. Rd3 Nc7 28. Nc4 Ne6 29. Ne5 Rb7 30. b4 Rc8 31. Kf1 Rb5 32. Nf3 a5 33. bxa5 Rxa5 34. Bd6 Rd5 35. Bb4 Nf4 36. Rdd1 Bf6 37. Re4 Ne6 38. g3 Kg7 39. Rd3 h5 40. h4 Rc2 41. Re2 Rc6 42. Nd2 Nc7 43. Ne4 Bd8 44. Red2 Rc4 45. Rd1 Nb5 46. Nd2 Rc2 47. Nf3 Bb6 48. R1d2 Rc4 49. Rd1 Ba7 50. R1d2 Rf5 51. Kg2 Rd5 52. Rd1 Nc7 53. Nd2 Rc2 54. Nf3 Ne6 55. R1d2 Rc6 56. Rd1 Bb6 57. Kf1 f6 58. Ke2 g5 59. hxg5 fxg5 60. Rh1 Kg6 61. Nd2 Rf5 62. Rf3 Re5+ 63. Kd3 g4 64. Rf4 Nxf4+ 65. gxf4 Rf5 66. Nc4 Bc7 67. Bd2 Kf6 68. a4 Bxf4 69. Bxf4 Rxf4 70. Nd2 Rc3+ 71. Ke2 Kg6 72. Ra1 Rc7 73. a5 Re7+ 74. Kd3 Rxf2 75. a6 Rff7 76. Kxd4 h4 77. Nf1 g3 78. Ne3 h3 79. Nd5 Rd7 80. Ra3 g2 81. Rg3+ Kf5 82. a7 Rxa7 0-1

[Event "Final GP Rapid TOP 16 2019"]
[Site "Khanty-Mansijsk"]
[Date "2019.12.01"]
[Round "1.7"]
[White "Nesterov, Arseniy"]
[Black "Kokarev, Dmitry"]
[Result "0-1"]
[ECO "E73"]
[WhiteElo "2482"]
[BlackElo "2606"]
[Annotator "ChessBase"]
[PlyCount "70"]
[EventDate "2019.12.01"]
[EventType "tourn"]
[EventCountry "RUS"]
[SourceTitle "playchess.com"]
[Source "ChessBase"]
[SourceQuality "1"]
[TimeControl "900+10"]

1. d4 g6 2. c4 Bg7 3. e4 d6 4. Nc3 Nf6 5. Be2 O-O 6. Be3 Na6 7. h4 c5 8. d5 e6 9. dxe6 Bxe6 10. h5 Qb6 11. Qd2 Qb4 12. Rh4 Rfe8 13. O-O-O Qa5 14. hxg6 fxg6 15. Nf3 Nb4 16. a3 Nc6 17. Rdh1 Rad8 18. Bh6 Bh8 19. Bg5 Nd4 20. Nxd4 cxd4 21. Qxd4 Qxg5+ 22. f4 Qc5 23. Qxc5 dxc5 24. e5 h5 25. exf6 Bxf6 26. R4h2 Bf5 27. g4 hxg4 28. Nd5 Bd4 29. Rg2 Be4 30. Rhh2 Bxg2 31. Rxg2 g3 32. Bd3 Re1+ 33. Kc2 Rg1 34. Rxg1 Bxg1 35. Bxg6 Bd4 0-1

[Event "Final GP Rapid TOP 16 2019"]
[Site "Khanty-Mansijsk"]
[Date "2019.12.01"]
[Round "1.8"]
[White "Pridorozhni, Aleksei"]
[Black "Shaposhnikov, Evgeny"]
[Result "1-0"]
[ECO "B43"]
[WhiteElo "2602"]
[BlackElo "2568"]
[Annotator "ChessBase"]
[PlyCount "56"]
[EventDate "2019.12.01"]
[EventType "tourn"]
[EventCountry "RUS"]
[SourceTitle "playchess.com"]
[Source "ChessBase"]
[SourceQuality "1"]
[TimeControl "900+10"]

1. e4 c5 2. Nf3 e6 3. d4 cxd4 4. Nxd4 a6 5. Nc3 Qc7 6. Bd3 Nc6 7. Nxc6 dxc6 8. a4 e5 9. O-O Nf6 10. a5 Bb4 11. Bd2 Bxa5 12. Nd5 cxd5 13. Bxa5 b6 14. Bb4 Bb7 15. f3 a5 16. Ba3 O-O-O 17. Qe2 dxe4 18. fxe4 Qc6 19. b4 Nxe4 20. bxa5 bxa5 21. Rxf7 Nd6 22. Bxd6 Qb6+ 23. Kh1 Rxd6 24. Qxe5 Rhd8 25. h3 Qc6 26. Rxg7 Re8 27. Qxa5 Re7 28. Bf5+ Rdd7 1-0

[Event "Final GP Rapid TOP 16 2019"]
[Site "Khanty-Mansijsk"]
[Date "2019.12.01"]
[Round "2.1"]
[White "Ponkratov, Pavel"]
[Black "Shaposhnikov, Evgeny"]
[Result "1/2-1/2"]
[ECO "B41"]
[WhiteElo "2632"]
[BlackElo "2568"]
[Annotator "ChessBase"]
[PlyCount "91"]
[EventDate "2019.12.01"]
[EventType "tourn"]
[EventCountry "RUS"]
[SourceTitle "playchess.com"]
[Source "ChessBase"]
[SourceQuality "1"]
[TimeControl "900+10"]

1. e4 c5 2. Nf3 e6 3. d4 cxd4 4. Nxd4 a6 5. c4 Nf6 6. Nc3 Bb4 7. Qd3 Qc7 8. Nc2 Bd6 9. g3 Nc6 10. Ne3 Ne5 11. Qe2 Bb4 12. Bg2 d6 13. Bd2 O-O 14. O-O Bc5 15. b3 Bd7 16. Kh1 Rfe8 17. f4 Nc6 18. g4 g6 19. f5 Nd4 20. Qd3 Rf8 21. g5 Nh5 22. Ng4 exf5 23. Nh6+ Kg7 24. Be3 Nc6 25. Nd5 Qd8 26. Qc3+ f6 27. exf5 Bxe3 28. Nxe3 Ne5 29. Rad1 Qc7 30. Nd5 Qc5 31. Qd2 Bc6 32. fxg6 hxg6 33. Rc1 a5 34. gxf6+ Nxf6 35. Rg1 Nfg4 36. Nxg4 Nxg4 37. h3 Qf2 38. Qc3+ Ne5 39. Be4 Bxd5 40. Bxd5 Rf6 41. Rc2 Qf5 42. Kh2 Rh8 43. Rcg2 Qf4+ 44. Rg3 b6 45. Kh1 Rh4 46. a3 1/2-1/2

[Event "Final GP Rapid TOP 16 2019"]
[Site "Khanty-Mansijsk"]
[Date "2019.12.01"]
[Round "2.2"]
[White "Kokarev, Dmitry"]
[Black "Pridorozhni, Aleksei"]
[Result "1/2-1/2"]
[ECO "C42"]
[WhiteElo "2606"]
[BlackElo "2602"]
[Annotator "ChessBase"]
[PlyCount "37"]
[EventDate "2019.12.01"]
[EventType "tourn"]
[EventCountry "RUS"]
[SourceTitle "playchess.com"]
[Source "ChessBase"]
[SourceQuality "1"]
[TimeControl "900+10"]

1. e4 e5 2. Nf3 Nf6 3. Nxe5 d6 4. Nf3 Nxe4 5. d4 d5 6. Bd3 Bf5 7. O-O Be7 8. Ne5 Nd7 9. Qf3 Nxe5 10. dxe5 Qd7 11. Nc3 Bg4 12. e6 Bxe6 13. Nxe4 dxe4 14. Bxe4 c6 15. Bf4 Rd8 16. Be3 Qc7 17. Qg3 Qxg3 18. hxg3 a6 19. Bb6 1/2-1/2

[Event "Final GP Rapid TOP 16 2019"]
[Site "Khanty-Mansijsk"]
[Date "2019.12.01"]
[Round "2.3"]
[White "Moiseenko, Vadim"]
[Black "Nesterov, Arseniy"]
[Result "1/2-1/2"]
[ECO "C50"]
[WhiteElo "2526"]
[BlackElo "2482"]
[Annotator "ChessBase"]
[PlyCount "111"]
[EventDate "2019.12.01"]
[EventType "tourn"]
[EventCountry "RUS"]
[SourceTitle "playchess.com"]
[Source "ChessBase"]
[SourceQuality "1"]
[TimeControl "900+10"]

1. e4 e5 2. Nf3 Nc6 3. Bc4 Bc5 4. d3 Nf6 5. a4 a5 6. Bg5 h6 7. Bh4 d6 8. Nbd2 Qe7 9. h3 g5 10. Bg3 Nh5 11. Nf1 Nf4 12. Ne3 Bxe3 13. fxe3 Nxg2+ 14. Kd2 Nh4 15. Bxh4 gxh4 16. Qe1 Be6 17. Bxe6 Qxe6 18. Qxh4 Ne7 19. Qg4 Rg8 20. Qxe6 fxe6 21. Rhg1 Kd7 22. Ke2 Raf8 23. Nh4 Ke8 24. c3 b6 25. b3 Kd7 26. Nf3 Ng6 27. Rg4 h5 28. Rgg1 Rf6 29. Nh4 Ke8 30. b4 Kf7 31. Nf3 Ke7 32. Nh4 Kf7 33. Nxg6 Rfxg6 34. Rxg6 Rxg6 35. bxa5 bxa5 36. Rb1 Rg2+ 37. Kf3 Rc2 38. c4 Rc3 39. Rb7 Rxd3 40. Rxc7+ Kf6 41. Ra7 Rc3 42. Rxa5 Rxc4 43. Ra6 Ke7 44. Ra7+ Kf6 45. Ra6 Ke7 46. a5 Ra4 47. Ra8 d5 48. a6 Kf7 49. a7 Kg7 50. Re8 dxe4+ 51. Kg3 Rxa7 52. Rxe6 Ra3 53. Rxe5 Rxe3+ 54. Kf4 Rxh3 55. Rxe4 Kf6 56. Re3 1/2-1/2

[Event "Final GP Rapid TOP 16 2019"]
[Site "Khanty-Mansijsk"]
[Date "2019.12.01"]
[Round "2.4"]
[White "Sakaev, Konstantin"]
[Black "Voit, Daria"]
[Result "1-0"]
[ECO "E12"]
[WhiteElo "2596"]
[BlackElo "2336"]
[Annotator "ChessBase"]
[PlyCount "61"]
[EventDate "2019.12.01"]
[EventType "tourn"]
[EventCountry "RUS"]
[SourceTitle "playchess.com"]
[Source "ChessBase"]
[SourceQuality "1"]
[TimeControl "900+10"]

1. d4 Nf6 2. c4 e6 3. Nf3 b6 4. a3 c5 5. d5 Ba6 6. Qc2 exd5 7. cxd5 g6 8. Nc3 Bg7 9. h4 d6 10. h5 Nxh5 11. g4 Nf6 12. Bh6 Bxh6 13. Rxh6 Nbd7 14. g5 Nh5 15. Bh3 Qe7 16. Qa4 Bb7 17. O-O-O a6 18. Bg4 b5 19. Qe4 Ng7 20. Rdh1 Nf8 21. Qf4 Kd8 22. Ne4 Ne8 23. Nf6 Kc7 24. e4 Nxf6 25. gxf6 Qe8 26. Ng5 Bc8 27. Be2 a5 28. Kb1 b4 29. Rc1 Ba6 30. Rxc5+ Kb7 31. Qxd6 1-0

[Event "Final GP Rapid TOP 16 2019"]
[Site "Khanty-Mansijsk"]
[Date "2019.12.01"]
[Round "2.5"]
[White "Golubov, Saveliy"]
[Black "Maltsevskaya, Aleksandra"]
[Result "1-0"]
[ECO "A47"]
[WhiteElo "2469"]
[BlackElo "2318"]
[Annotator "ChessBase"]
[PlyCount "67"]
[EventDate "2019.12.01"]
[EventType "tourn"]
[EventCountry "RUS"]
[SourceTitle "playchess.com"]
[Source "ChessBase"]
[SourceQuality "1"]
[TimeControl "900+10"]

1. d4 Nf6 2. Nf3 e6 3. Bf4 b6 4. e3 Bb7 5. Bd3 Be7 6. h3 O-O 7. Nbd2 d6 8. O-O c5 9. c3 Nbd7 10. Bh2 d5 11. a4 Ne4 12. Qb1 f5 13. Rc1 cxd4 14. exd4 Bh4 15. Rf1 Bf6 16. Qe1 Qe8 17. a5 g5 18. Bb5 Qe7 19. a6 Bc8 20. Bc6 Rb8 21. Bxb8 Nxb8 22. Bb5 Qg7 23. Nxe4 fxe4 24. Nh2 e5 25. f3 exd4 26. fxe4 dxc3 27. bxc3 Bxc3 28. Rxf8+ Kxf8 29. Qf1+ Kg8 30. Rd1 Bd7 31. Rxd5 h6 32. Ng4 Kh7 33. Bxd7 Nxd7 34. Qf5+ 1-0

[Event "Final GP Rapid TOP 16 2019"]
[Site "Khanty-Mansijsk"]
[Date "2019.12.01"]
[Round "2.6"]
[White "Bocharov, Dmitry"]
[Black "Murzin, Volodar"]
[Result "1-0"]
[ECO "A11"]
[WhiteElo "2524"]
[BlackElo "2442"]
[Annotator "ChessBase"]
[PlyCount "79"]
[EventDate "2019.12.01"]
[EventType "tourn"]
[EventCountry "RUS"]
[SourceTitle "playchess.com"]
[Source "ChessBase"]
[SourceQuality "1"]
[TimeControl "900+10"]

1. c4 c6 2. Nf3 Nf6 3. g3 d5 4. Bg2 Bg4 5. Ne5 Be6 6. cxd5 Bxd5 7. Nf3 c5 8. Nc3 Bc6 9. O-O Nbd7 10. d3 e6 11. e4 Be7 12. Qe2 O-O 13. d4 cxd4 14. Nxd4 e5 15. Nf5 Bc5 16. Bg5 h6 17. Bd2 Kh7 18. Kh1 Bd4 19. Rfd1 Qb6 20. Be1 Rad8 21. Nxd4 exd4 22. Nd5 Bxd5 23. exd5 Rfe8 24. Qd3+ Kg8 25. Rd2 Re7 26. b3 Rde8 27. Rdd1 Re5 28. Qc4 Re2 29. Kg1 d3 30. Qxd3 Ng4 31. Qf3 Ngf6 32. Bc3 Rc2 33. Bd4 Qa5 34. Bf1 a6 35. Qd3 Rcc8 36. Bg2 Ne5 37. Qf5 Ned7 38. h3 Qb4 39. d6 Re2 40. Bxf6 1-0

[Event "Final GP Rapid TOP 16 2019"]
[Site "Khanty-Mansijsk"]
[Date "2019.12.01"]
[Round "2.7"]
[White "Morozevich, Alexander"]
[Black "Tsydypov, Zhamsaran"]
[Result "1/2-1/2"]
[ECO "A11"]
[WhiteElo "2659"]
[BlackElo "2553"]
[Annotator "ChessBase"]
[PlyCount "85"]
[EventDate "2019.12.01"]
[EventType "tourn"]
[EventCountry "RUS"]
[SourceTitle "playchess.com"]
[Source "ChessBase"]
[SourceQuality "1"]
[TimeControl "900+10"]

1. Nf3 d5 2. g3 Nf6 3. Bg2 g6 4. c4 c6 5. Qa4 Nbd7 6. cxd5 cxd5 7. O-O Bg7 8. d3 O-O 9. Nc3 e5 10. Qh4 d4 11. Nb5 Qb6 12. a4 Nh5 13. Qe7 Bf6 14. Qd6 Nc5 15. Bh6 Rd8 16. Qxb6 axb6 17. b4 Na6 18. Rfb1 Ng7 19. h4 Ne6 20. Nd2 Be7 21. Nc4 Nxb4 22. Nxb6 Rb8 23. Bd2 Nc6 24. a5 Nc5 25. Nxc8 Rbxc8 26. Na3 f5 27. Nc4 e4 28. Bf4 Ra8 29. Rb5 Na7 30. Rb2 Nc8 31. Rd1 Ra6 32. Be5 Bf6 33. Bxf6 Rxf6 34. Rb5 Rc6 35. Ne5 Rc7 36. Rc1 Rd5 37. Nc4 Na7 38. Nb6 Re5 39. Rbb1 Rce7 40. Nc4 R5e6 41. dxe4 Nxe4 42. e3 Nc6 43. Bxe4 1/2-1/2

[Event "Final GP Rapid TOP 16 2019"]
[Site "Khanty-Mansijsk"]
[Date "2019.12.01"]
[Round "2.8"]
[White "Potapov, Pavel"]
[Black "Shimanov, Aleksandr"]
[Result "0-1"]
[ECO "B12"]
[WhiteElo "2482"]
[BlackElo "2587"]
[Annotator "ChessBase"]
[PlyCount "90"]
[EventDate "2019.12.01"]
[EventType "tourn"]
[EventCountry "RUS"]
[SourceTitle "playchess.com"]
[Source "ChessBase"]
[SourceQuality "1"]
[TimeControl "900+10"]

1. e4 c6 2. d4 d5 3. e5 c5 4. dxc5 e6 5. a3 Bxc5 6. b4 Bb6 7. Qg4 Ne7 8. Bb2 O-O 9. Bd3 Nbc6 10. Nf3 Ng6 11. O-O f5 12. Qg3 Bd7 13. Nbd2 Rc8 14. c4 Nce7 15. c5 Bc7 16. Rac1 Qe8 17. Rfe1 b6 18. Nb3 bxc5 19. Nxc5 Bb6 20. Nd4 Bxc5 21. bxc5 Rb8 22. Bc3 Nc6 23. Nxc6 Bxc6 24. Rb1 Qd7 25. Bd4 Ne7 26. f4 Bb5 27. Bc2 Nc6 28. Qc3 Rfc8 29. Rb2 Rb7 30. Reb1 Rcb8 31. a4 Bc4 32. h3 g6 33. Kf2 Qe7 34. Rxb7 Rxb7 35. Rxb7 Qxb7 36. h4 a5 37. g3 Qb4 38. Ke3 Kf7 39. Qxb4 axb4 40. Bb2 h5 41. Bc1 Ke7 42. Bd2 Kd8 43. a5 b3 44. Bd1 b2 45. Bc2 Ba2 0-1

[Event "Final GP Rapid TOP 16 2019"]
[Site "Khanty-Mansijsk"]
[Date "2019.12.01"]
[Round "3.1"]
[White "Shimanov, Aleksandr"]
[Black "Ponkratov, Pavel"]
[Result "1-0"]
[ECO "E61"]
[WhiteElo "2587"]
[BlackElo "2632"]
[Annotator "ChessBase"]
[PlyCount "69"]
[EventDate "2019.12.01"]
[EventType "tourn"]
[EventCountry "RUS"]
[SourceTitle "playchess.com"]
[Source "ChessBase"]
[SourceQuality "1"]
[TimeControl "900+10"]

1. c4 Nf6 2. g3 g6 3. Bg2 Bg7 4. Nc3 O-O 5. d4 Nc6 6. e3 e5 7. d5 Na5 8. b3 c5 9. d6 Rb8 10. Bb2 b6 11. Nf3 Bb7 12. O-O Nc6 13. Qe2 Ne8 14. Rad1 f5 15. h4 e4 16. Ng5 h6 17. Nh3 Ne5 18. Nf4 Nf6 19. Ncd5 Nxd5 20. Nxd5 Bxd5 21. Rxd5 Qe8 22. h5 gxh5 23. Bxe5 Bxe5 24. Bh3 Rf6 25. Rfd1 Kh8 26. Kg2 h4 27. gxh4 f4 28. Kh1 fxe3 29. fxe3 Rf3 30. Bg4 Qd8 31. Rxe5 Qf6 32. Bxf3 Qxe5 33. Bg2 Rg8 34. Qf2 Rg4 35. Rf1 1-0

[Event "Final GP Rapid TOP 16 2019"]
[Site "Khanty-Mansijsk"]
[Date "2019.12.01"]
[Round "3.2"]
[White "Tsydypov, Zhamsaran"]
[Black "Potapov, Pavel"]
[Result "1-0"]
[ECO "E19"]
[WhiteElo "2553"]
[BlackElo "2482"]
[Annotator "ChessBase"]
[PlyCount "71"]
[EventDate "2019.12.01"]
[EventType "tourn"]
[EventCountry "RUS"]
[SourceTitle "playchess.com"]
[Source "ChessBase"]
[SourceQuality "1"]
[TimeControl "900+10"]

1. d4 Nf6 2. c4 e6 3. Nf3 b6 4. g3 Bb7 5. Bg2 Be7 6. O-O O-O 7. Nc3 Ne4 8. Qc2 Nxc3 9. Qxc3 d6 10. Qc2 Qc8 11. e4 Nd7 12. d5 e5 13. Be3 a5 14. b3 Nc5 15. a3 Qg4 16. Nd2 h6 17. b4 Nd7 18. Nb3 a4 19. Nc1 Bg5 20. f4 exf4 21. gxf4 Bh4 22. Kh1 f5 23. Rg1 Qh5 24. Qe2 Qxe2 25. Nxe2 fxe4 26. Bh3 Rad8 27. Rad1 Bf6 28. Ng3 Kh8 29. Be6 Rfe8 30. Nh5 Re7 31. Rg2 c6 32. dxc6 Bxc6 33. Rxd6 Rde8 34. Bf5 Nb8 35. Nxf6 gxf6 36. Rxf6 1-0

[Event "Final GP Rapid TOP 16 2019"]
[Site "Khanty-Mansijsk"]
[Date "2019.12.01"]
[Round "3.4"]
[White "Maltsevskaya, Aleksandra"]
[Black "Bocharov, Dmitry"]
[Result "0-1"]
[ECO "B40"]
[WhiteElo "2318"]
[BlackElo "2524"]
[Annotator "ChessBase"]
[PlyCount "72"]
[EventDate "2019.12.01"]
[EventType "tourn"]
[EventCountry "RUS"]
[SourceTitle "playchess.com"]
[Source "ChessBase"]
[SourceQuality "1"]
[TimeControl "900+10"]

1. e4 c5 2. Nf3 e6 3. g3 Nc6 4. Bg2 Nf6 5. d3 e5 6. O-O Be7 7. Nc3 d6 8. Nd5 O-O 9. c4 a6 10. a3 b5 11. b4 cxb4 12. axb4 Rb8 13. Nxf6+ Bxf6 14. Bd2 bxc4 15. dxc4 Nxb4 16. Qa4 Nd3 17. Be3 Qc7 18. Qa5 Qxa5 19. Rxa5 Bb7 20. Nd2 Nc5 21. Bxc5 dxc5 22. Nb3 Bd8 23. Rxc5 Re8 24. Na5 Ba8 25. Bh3 Bb6 26. Nb3 Bxc5 27. Nxc5 Rb4 28. Rc1 a5 29. Bd7 Rd8 30. Bb5 h5 31. Ra1 h4 32. gxh4 a4 33. Nxa4 Bxe4 34. Nc5 Bf3 35. h3 Rd2 36. Nd7 Rxb5 0-1

[Event "Final GP Rapid TOP 16 2019"]
[Site "Khanty-Mansijsk"]
[Date "2019.12.01"]
[Round "3.5"]
[White "Voit, Daria"]
[Black "Golubov, Saveliy"]
[Result "0-1"]
[ECO "E61"]
[WhiteElo "2336"]
[BlackElo "2469"]
[Annotator "ChessBase"]
[PlyCount "100"]
[EventDate "2019.12.01"]
[EventType "tourn"]
[EventCountry "RUS"]
[SourceTitle "playchess.com"]
[Source "ChessBase"]
[SourceQuality "1"]
[TimeControl "900+10"]

1. d4 g6 2. c4 Bg7 3. Nc3 Nf6 4. Nf3 O-O 5. Bg5 h6 6. Bh4 d6 7. e3 g5 8. Bg3 Nh5 9. Be2 c5 10. dxc5 Nxg3 11. hxg3 dxc5 12. Qc2 f5 13. g4 Nc6 14. a3 fxg4 15. Nxg5 Bf5 16. Nge4 Qa5 17. Kf1 Rad8 18. Rh4 g3 19. f3 Ne5 20. Qb3 e6 21. Nxg3 Bd3 22. Bxd3 Rxd3 23. Qxb7 Rxe3 24. Re1 Rxe1+ 25. Kxe1 Qd8 26. Qe4 Qg5 27. Nce2 Rd8 28. Kf2 Rd1 29. Rg4 Nxg4+ 30. fxg4 Qf6+ 31. Ke3 Rd8 32. Nh5 Qe5 33. Nef4 Qxe4+ 34. Kxe4 Bxb2 35. Nxe6 Rd2 36. Nxc5 Rd4+ 37. Kf5 Rxc4 38. Nd3 Ba1 39. Nb4 Rc5+ 40. Kg6 a5 41. Nd3 Rc6+ 42. Kf5 Rd6 43. Ndf4 Bb2 44. a4 Kf7 45. Ng3 Rd4 46. Ne4 Rxa4 47. Nd3 Bd4 48. Nd6+ Kg8 49. Kg6 Bg7 50. Nf2 Rf4 0-1

[Event "Final GP Rapid TOP 16 2019"]
[Site "Khanty-Mansijsk"]
[Date "2019.12.01"]
[Round "3.6"]
[White "Nesterov, Arseniy"]
[Black "Sakaev, Konstantin"]
[Result "1/2-1/2"]
[ECO "D12"]
[WhiteElo "2482"]
[BlackElo "2596"]
[Annotator "ChessBase"]
[PlyCount "48"]
[EventDate "2019.12.01"]
[EventType "tourn"]
[EventCountry "RUS"]
[SourceTitle "playchess.com"]
[Source "ChessBase"]
[SourceQuality "1"]
[TimeControl "900+10"]

1. d4 d5 2. c4 c6 3. Nf3 Nf6 4. e3 Bf5 5. Nc3 e6 6. Nh4 Be4 7. f3 Bg6 8. Qb3 Qc7 9. Bd2 Be7 10. O-O-O dxc4 11. Bxc4 a6 12. Nxg6 hxg6 13. Kb1 b5 14. Be2 c5 15. dxc5 Nbd7 16. f4 Nxc5 17. Qc2 O-O 18. h4 Rac8 19. Bf3 Rfd8 20. Ne2 Qb6 21. Bc3 Na4 22. Rxd8+ Qxd8 23. Rd1 Qb6 24. Qd3 Nxc3+ 1/2-1/2